TOP OF THE 1ST |
Raleigh-Durham Capitals batting - Pitching for Greensboro Hornets : RHP Zac Paris
|
Pitching: RHP Zac Paris
|
|
Batting: RHB Luis Brito
|
0-0: Ball 1-0: Ball 2-0: Called Strike 2-1: Ball 3-1: Foul Ball, location: 2F 3-2: Ground out 6-3 (Groundball, 6, EV 82.5 MPH)
|
Batting: RHB Tommy Jones
|
0-0: Called Strike 0-1: Swinging Strike 0-2: Foul Ball, location: 2F 0-2: Strikes out swinging
|
Batting: LHB La Schelle Tarver
|
0-0: Ball 1-0: Ball 2-0: Called Strike 2-1: Called Strike 2-2: SINGLE (Flyball, 8LS, EV 91.9 MPH)
|
Batting: LHB Curt Ford
|
0-0: Ball 1-0: Fly out, F8 (Flyball, 78M, EV 86.9 MPH)
|
Top of the 1st over - 0 runs, 1 hit, 0 errors, 1 left on base; Raleigh-Durham 0 - Greensboro 0 |
BOTTOM OF THE 1ST |
Greensboro Hornets batting - Pitching for Raleigh-Durham Capitals : RHP Les Straker
|
Pitching: RHP Les Straker
|
|
Batting: RHB Douglas Foster
|
0-0: SINGLE (Groundball, 4D, EV 100.0 MPH)
|
Batting: SHB Porter Wyatt
|
0-0: Ball 1-0: Foul Ball, location: 2F 1-1: Ball 2-1: Ball 3-1: Swinging Strike 3-2: Fly out, F9 (Flyball, 9, EV 86.9 MPH)
|
Batting: RHB Joe Citari
|
0-0: Called Strike 0-1: Foul Ball, location: 2F 0-2: Ball 1-2: Ball 2-2: Ball 3-2: 2-RUN HOME RUN (Flyball, 7D, EV 101.3 MPH), Distance : 375 ft
|
Batting: LHB John Hughes
|
0-0: Called Strike 0-1: Ball 1-1: Foul Ball, location: 2F 1-2: Ball 2-2: DOUBLE (Line Drive, 78XD, EV 99.4 MPH)
|
Batting: LHB Stephen DeMatties
|
0-0: Ball 1-0: Foul Ball, location: 2F 1-1: Ball 2-1: Ball 3-1: Base on Balls
|
Batting: RHB Lindon Duncan
|
0-0: Foul Ball, location: 2F 0-1: Fly out, F7 (Flyball, 7LM, EV 93.1 MPH)
|
Batting: RHB Jim Bishop
|
0-0: Ball 1-0: Ball 2-0: Ball 3-0: Base on Balls John Hughes to third Stephen DeMatties to second
|
Batting: RHB John Lohse
|
0-0: Swinging Strike 0-1: Ball 1-1: Ball 2-1: Foul Ball, location: 2F 2-2: SINGLE (Groundball, 6M, EV 83.1 MPH) (infield hit) John Hughes scores Stephen DeMatties to third Jim Bishop to second
|
Batting: RHB Jay Greb
|
0-0: Ball 1-0: Called Strike 1-1: Called Strike 1-2: Strikes out swinging
|
Bottom of the 1st over - 3 runs, 4 hits, 0 errors, 3 left on base; Raleigh-Durham 0 - Greensboro 3 |
TOP OF THE 2ND |
Raleigh-Durham Capitals batting - Pitching for Greensboro Hornets : RHP Zac Paris
|
Batting: RHB Kenneth Chandler
|
0-0: Foul Ball, location: 2F 0-1: Fly out, F8 (Flyball, 78M, EV 93.1 MPH)
|
Batting: RHB Alexander Delano
|
0-0: Ball 1-0: Foul Ball, location: 2F 1-1: Foul Ball, location: 2F 1-2: Ground out 4-3 (Groundball, 4, EV 86.3 MPH)
|
Batting: RHB Kevin MacDonald
|
0-0: Called Strike 0-1: Foul Ball, location: 2F 0-2: Fly out, F8 (Flyball, 89S, EV 83.1 MPH)
|
Top of the 2nd over - 0 runs, 0 hits, 0 errors, 0 left on base; Raleigh-Durham 0 - Greensboro 3 |
BOTTOM OF THE 2ND |
Greensboro Hornets batting - Pitching for Raleigh-Durham Capitals : RHP Les Straker
|
Batting: RHB Douglas Foster
|
0-0: Ball 1-0: Swinging Strike 1-1: Fly out, F9 (Flyball, 9, EV 91.3 MPH)
|
Batting: SHB Porter Wyatt
|
0-0: Swinging Strike 0-1: Foul Ball, location: 2F 0-2: Strikes out swinging
|
Batting: RHB Joe Citari
|
0-0: Ball 1-0: Ground out 1-3 (Groundball, 25, EV 68.8 MPH)
|
Bottom of the 2nd over - 0 runs, 0 hits, 0 errors, 0 left on base; Raleigh-Durham 0 - Greensboro 3 |
TOP OF THE 3RD |
Raleigh-Durham Capitals batting - Pitching for Greensboro Hornets : RHP Zac Paris
|
Batting: RHB Marshall Burk
|
0-0: Ball 1-0: SINGLE (Line Drive, 89M, EV 95.6 MPH)
|
Batting: RHB Jim Wessinger
|
0-0: Grounds into double play, 3-6-1 (Groundball, 3, EV 86.3 MPH)
|
Batting: RHB Luis Brito
|
0-0: Foul Ball, location: 2F 0-1: Foul Ball, location: 2F 0-2: Ball 1-2: Ball 2-2: Strikes out swinging
|
Top of the 3rd over - 0 runs, 1 hit, 0 errors, 0 left on base; Raleigh-Durham 0 - Greensboro 3 |
BOTTOM OF THE 3RD |
Greensboro Hornets batting - Pitching for Raleigh-Durham Capitals : RHP Les Straker
|
Batting: LHB John Hughes
|
0-0: Ball 1-0: Called Strike 1-1: Ball 2-1: Ball 3-1: Foul Ball, location: 2F 3-2: Foul Ball, location: 2F 3-2: Foul Ball, location: 2F 3-2: Foul Ball, location: 2F 3-2: Base on Balls
|
Batting: LHB Stephen DeMatties
|
0-0: Called Strike 0-1: Swinging Strike 0-2: SINGLE (Line Drive, 9S, EV 106.9 MPH) John Hughes to second
|
Batting: RHB Lindon Duncan
|
0-0: Ball 1-0: Ball 2-0: Ball 3-0: Called Strike 3-1: Base on Balls John Hughes to third Stephen DeMatties to second
|
Batting: RHB Jim Bishop
|
0-0: Ball 1-0: DOUBLE (Line Drive, 89D, EV 104.4 MPH) John Hughes scores Stephen DeMatties scores Lindon Duncan to third
|
Batting: RHB John Lohse
|
0-0: Ball 1-0: Ground out 6-3 (Groundball, 6, EV 79.4 MPH) Lindon Duncan scores
|
Batting: RHB Jay Greb
|
0-0: Ball 1-0: Called Strike 1-1: Fly out, F3 (Popup, 34, EV 62.5 MPH)
|
Batting: RHB Douglas Foster
|
0-0: Ball 1-0: Ball 2-0: Called Strike 2-1: Called Strike 2-2: Ball 3-2: Base on Balls
|
Batting: SHB Porter Wyatt
|
0-0: Ball 1-0: Foul Ball, location: 2F 1-1: SINGLE (Line Drive, 3D, EV 93.8 MPH) Jim Bishop to third Douglas Foster to second
|
Pitching: LHP Richard Baca
|
|
Batting: RHB Joe Citari
|
0-0: Ball 1-0: Reached on error, E5 (Groundball, 5L, EV 81.3 MPH) Jim Bishop scores Douglas Foster to third Porter Wyatt to second
|
Batting: LHB John Hughes
|
0-0: GRAND SLAM HOME RUN (Flyball, 89XD, EV 93.8 MPH), Distance : 411 ft
|
Batting: LHB Stephen DeMatties
|
0-0: Ball 1-0: Foul Ball, location: 2F 1-1: Foul Ball, location: 2F 1-2: Ball 2-2: Ground out 4-3 (Groundball, 4, EV 85.6 MPH)
|
Bottom of the 3rd over - 8 runs, 4 hits, 1 error, 0 left on base; Raleigh-Durham 0 - Greensboro 11 |
TOP OF THE 4TH |
Raleigh-Durham Capitals batting - Pitching for Greensboro Hornets : RHP Zac Paris
|
Batting: RHB Tommy Jones
|
0-0: Ball 1-0: Swinging Strike 1-1: Ground out 5-3 (Groundball, 5S, EV 88.1 MPH)
|
Batting: LHB La Schelle Tarver
|
0-0: Ball 1-0: Foul Ball, location: 2F 1-1: Swinging Strike 1-2: Foul Ball, location: 2F 1-2: Foul Ball, location: 2F 1-2: Strikes out looking
|
Batting: LHB Curt Ford
|
0-0: Ball 1-0: Ball 2-0: Called Strike 2-1: Foul Ball, location: 2F 2-2: Ball 3-2: Base on Balls
|
Batting: RHB Kenneth Chandler
|
0-0: Called Strike 0-1: Ball 1-1: Foul Ball, location: 2F 1-2: Ball 2-2: Foul Ball, location: 2F 2-2: Foul Ball, location: 2F 2-2: Ball Curt Ford steals 2nd base (no throw) 3-2: Fly out, F7 (Flyball, 7LM, EV 101.9 MPH)
|
Top of the 4th over - 0 runs, 0 hits, 0 errors, 1 left on base; Raleigh-Durham 0 - Greensboro 11 |
BOTTOM OF THE 4TH |
Greensboro Hornets batting - Pitching for Raleigh-Durham Capitals : LHP Richard Baca
|
Batting: RHB Lindon Duncan
|
0-0: Foul Ball, location: 2F 0-1: Ground out 1-3 (Groundball, 34S, EV 64.4 MPH)
|
Batting: RHB Jim Bishop
|
0-0: Called Strike 0-1: Swinging Strike 0-2: Ground out 4-3 (Groundball, 4M, EV 101.9 MPH)
|
Batting: RHB John Lohse
|
0-0: Ball 1-0: DOUBLE (Line Drive, 89M, EV 105.0 MPH)
|
Batting: RHB Jay Greb
|
0-0: Foul Ball, location: 2F 0-1: Ball 1-1: Called Strike 1-2: Strikes out swinging
|
Bottom of the 4th over - 0 runs, 1 hit, 0 errors, 1 left on base; Raleigh-Durham 0 - Greensboro 11 |
TOP OF THE 5TH |
Raleigh-Durham Capitals batting - Pitching for Greensboro Hornets : RHP Zac Paris
|
Batting: RHB Alexander Delano
|
0-0: Ball 1-0: Called Strike 1-1: Called Strike 1-2: Ground out 6-3 (Groundball, 6, EV 83.1 MPH)
|
Batting: RHB Kevin MacDonald
|
0-0: Called Strike 0-1: Ball 1-1: Ball 2-1: Foul Ball, location: 2F 2-2: Ball 3-2: Ground out 5-3 (Groundball, 56S, EV 85.6 MPH)
|
Batting: RHB Marshall Burk
|
0-0: Ball 1-0: Called Strike 1-1: Ball 2-1: Ball 3-1: SINGLE (Line Drive, 56D, EV 96.3 MPH)
|
Batting: RHB Jim Wessinger
|
0-0: Called Strike 0-1: Ball 1-1: Fielders Choice at 2nd, 5-4 (Groundball, 56, EV 90.0 MPH)
|
Top of the 5th over - 0 runs, 1 hit, 0 errors, 1 left on base; Raleigh-Durham 0 - Greensboro 11 |
BOTTOM OF THE 5TH |
Greensboro Hornets batting - Pitching for Raleigh-Durham Capitals : LHP Richard Baca
|
Batting: RHB Douglas Foster
|
0-0: Called Strike 0-1: Ball 1-1: Called Strike 1-2: Ground out U3 (Groundball, 34, EV 87.5 MPH)
|
Batting: SHB Porter Wyatt
|
0-0: Ball 1-0: Called Strike 1-1: Foul Ball, location: 2F 1-2: Ball 2-2: Fly out, F9 (Flyball, 89S, EV 89.4 MPH)
|
Batting: RHB Joe Citari
|
0-0: SINGLE (Line Drive, 7S, EV 110.0 MPH)
|
Batting: LHB John Hughes
|
0-0: Called Strike 0-1: Ball 1-1: Ball 2-1: Foul Ball, location: 2F 2-2: Foul Ball, location: 2F 2-2: Fielders Choice at 2nd, 6-4 (Groundball, 6, EV 103.1 MPH)
|
Bottom of the 5th over - 0 runs, 1 hit, 0 errors, 1 left on base; Raleigh-Durham 0 - Greensboro 11 |
TOP OF THE 6TH |
Raleigh-Durham Capitals batting - Pitching for Greensboro Hornets : RHP Zac Paris
|
Batting: RHB Luis Brito
|
0-0: Called Strike 0-1: Foul Ball, location: 2F 0-2: Ball 1-2: Ball 2-2: Foul Ball, location: 2F 2-2: SINGLE (Flyball, 89S, EV 89.4 MPH)
|
Batting: RHB Tommy Jones
|
0-0: Ball 1-0: SINGLE (Groundball, 56S, EV 61.9 MPH) (infield hit) Luis Brito to second
|
Batting: LHB La Schelle Tarver
|
0-0: Ball 1-0: Ball 2-0: Fly out, F6 (Popup, 6S, EV 83.1 MPH)
|
Batting: LHB Curt Ford
|
0-0: Called Strike 0-1: Swinging Strike 0-2: Grounds into double play, 5-4-3 (Groundball, 56S, EV 80.6 MPH)
|
Top of the 6th over - 0 runs, 2 hits, 0 errors, 1 left on base; Raleigh-Durham 0 - Greensboro 11 |
BOTTOM OF THE 6TH |
Greensboro Hornets batting - Pitching for Raleigh-Durham Capitals : LHP Richard Baca
|
Pitching: RHP Louie Uribe
|
|
Batting: LHB Stephen DeMatties
|
0-0: Fly out, F8 (Flyball, 8LXD, EV 104.4 MPH)
|
Batting: RHB Lindon Duncan
|
0-0: Ball 1-0: Foul Ball, location: 2F 1-1: Ball 2-1: Ball 3-1: Base on Balls
|
Batting: RHB Jim Bishop
|
0-0: Called Strike 0-1: Ball 1-1: Ball 2-1: Ball 3-1: Base on Balls Lindon Duncan to second
|
Batting: RHB John Lohse
|
0-0: Ball 1-0: Swinging Strike 1-1: Grounds into double play, 6-4-3 (Groundball, 56, EV 101.9 MPH)
|
Bottom of the 6th over - 0 runs, 0 hits, 0 errors, 1 left on base; Raleigh-Durham 0 - Greensboro 11 |
TOP OF THE 7TH |
Raleigh-Durham Capitals batting - Pitching for Greensboro Hornets : RHP Zac Paris
|
Batting: RHB Kenneth Chandler
|
0-0: Fly out, F7 (Flyball, 7LM, EV 76.9 MPH)
|
Batting: RHB Alexander Delano
|
0-0: Foul Ball, location: 2F 0-1: Fly out, F9 (Flyball, 9D, EV 96.3 MPH)
|
Batting: RHB Kevin MacDonald
|
0-0: Swinging Strike 0-1: Called Strike 0-2: Strikes out swinging
|
Top of the 7th over - 0 runs, 0 hits, 0 errors, 0 left on base; Raleigh-Durham 0 - Greensboro 11 |
BOTTOM OF THE 7TH |
Greensboro Hornets batting - Pitching for Raleigh-Durham Capitals : RHP Louie Uribe
|
Batting: RHB Jay Greb
|
0-0: Ball 1-0: Ball 2-0: Called Strike 2-1: Ball 3-1: Base on Balls
|
Batting: RHB Douglas Foster
|
0-0: Swinging Strike 0-1: Swinging Strike 0-2: Ball 1-2: Ball 2-2: Fly out, F9 (Flyball, 9, EV 85.0 MPH)
|
Batting: SHB Porter Wyatt
|
0-0: Ball 1-0: Ball 2-0: Fielders Choice at 2nd, 1-6 (Groundball, 34S, EV 67.5 MPH)
|
Batting: RHB Joe Citari
|
0-0: Fly out, F4 (Flyball, 3D, EV 80.0 MPH)
|
Bottom of the 7th over - 0 runs, 0 hits, 0 errors, 1 left on base; Raleigh-Durham 0 - Greensboro 11 |
TOP OF THE 8TH |
Raleigh-Durham Capitals batting - Pitching for Greensboro Hornets : RHP Zac Paris
|
Batting: RHB Marshall Burk
|
0-0: Foul Ball, location: 2F 0-1: Ball 1-1: Foul Ball, location: 2F 1-2: Ground out 6-3 (Groundball, 56, EV 78.1 MPH)
|
Batting: RHB Jim Wessinger
|
0-0: Called Strike 0-1: Ball 1-1: Ground out 5-3 (Groundball, 5S, EV 83.8 MPH)
|
Batting: RHB Luis Brito
|
0-0: Ball 1-0: Foul Ball, location: 2F 1-1: Swinging Strike 1-2: Strikes out looking
|
Top of the 8th over - 0 runs, 0 hits, 0 errors, 0 left on base; Raleigh-Durham 0 - Greensboro 11 |
BOTTOM OF THE 8TH |
Greensboro Hornets batting - Pitching for Raleigh-Durham Capitals : RHP Louie Uribe
|
Batting: LHB John Hughes
|
0-0: Called Strike 0-1: Ball 1-1: Swinging Strike 1-2: Strikes out looking
|
Batting: LHB Stephen DeMatties
|
0-0: Called Strike 0-1: Called Strike 0-2: Ball 1-2: Foul Ball, location: 2F 1-2: Ball 2-2: Foul Ball, location: 2F 2-2: Fly out, F8 (Flyball, 78M, EV 93.8 MPH)
|
Batting: RHB Lindon Duncan
|
0-0: Swinging Strike 0-1: Ball 1-1: Foul Ball, location: 2F 1-2: Ball 2-2: Ball 3-2: Ground out 5-3 (Groundball, 56S, EV 89.4 MPH)
|
Bottom of the 8th over - 0 runs, 0 hits, 0 errors, 0 left on base; Raleigh-Durham 0 - Greensboro 11 |
TOP OF THE 9TH |
Raleigh-Durham Capitals batting - Pitching for Greensboro Hornets : RHP Zac Paris
|
Batting: RHB Tommy Jones
|
0-0: Ball 1-0: Foul Ball, location: 2F 1-1: Called Strike 1-2: Fly out, F8 (Flyball, 8RXD, EV 85.0 MPH)
|
Batting: LHB La Schelle Tarver
|
0-0: Ball 1-0: Ball 2-0: Foul Ball, location: 2F 2-1: Fly out, F5 (Popup, 25F, EV 84.4 MPH)
|
Batting: LHB Curt Ford
|
0-0: Swinging Strike 0-1: Ball 1-1: Ball 2-1: Ball 3-1: Base on Balls
|
Batting: RHB Kenneth Chandler
|
0-0: DOUBLE (Line Drive, 78D, EV 107.5 MPH) Curt Ford to third
|
Pitching: RHP Mike Couchee
|
|
Batting: RHB Alexander Delano
|
0-0: Called Strike 0-1: Ground out 5-3 (Groundball, 15, EV 81.3 MPH)
|
Top of the 9th over - 0 runs, 1 hit, 0 errors, 2 left on base; Raleigh-Durham 0 - Greensboro 11 |
|